 Dungeon Crawl Stone Soup version 0.29.1-15-g9cfb28693d (webtiles) character file.

Game seed: 7006441855990016418

39 Sanktem7 the Covered (level 3, -2/33 HPs)
             Began as a Minotaur Fighter on Mar 15, 2023.
             Slain by an orc priest
             ... wielding a +0 flail
              (8 damage)
             ... on level 4 of the Dungeon.
             The game lasted 00:01:58 (2241 turns).

Sanktem7 the Covered (Minotaur Fighter)             Turns: 2241, Time: 00:01:58

Health: -2/33      AC:  8    Str: 22    XL:     3   Next: 28%
Magic:  2/2        EV:  9    Int:  5    God:
Gold:   138        SH:  4    Dex:  9    Spells: 2/2 levels left

rFire   . . .      SeeInvis .   a - +0 war axe {axe}
rCold   . . .      Faith    .   c - +0 buckler
rNeg    . . .      Spirit   .   b - +0 scale mail
rPois   .          Reflect  .   (helmet restricted)
rElec   .          Harm     .   (no cloak)
rCorr   .          Rampage  .   j - +0 pair of gloves
Will    .....                   (no boots)
Stlth   ..........              (no amulet)
HPRegen 0.11/turn               (no ring)
MPRegen 0.08/turn               (no ring)

@: no status effects
A: horns 2, retaliatory headbutt
a: no special abilities


You were on level 4 of the Dungeon.
You visited 1 branch of the dungeon, and saw 4 of its levels.

You collected 138 gold pieces.


Innate Abilities, Weirdness & Mutations

You have a pair of horns on your head.
You reflexively headbutt those who attack you in melee.


   Skills:
 + Level 4.0 Fighting
 * Level 3.4 Axes
 + Level 4.1 Armour
 + Level 4.0 Shields


You had 2 spell levels left.
You didn't know any spells.
Your spell library contained the following spells:

 Spells                   Type           Power      Damage    Failure   Level
 Sublimation of Blood     Necr           0%         N/A       95%         2
 Wereblood                Tmut           0%         N/A       95%         2
 Summon Hydra             Summ           0%         N/A       100%        7
 Borgnjor's Revivificati  Necr           0%         N/A       100%        8
 Necromutation            Tmut/Necr      0%         N/A       100%        8
 Death's Door             Necr           0%         N/A       100%        9

Inventory:

Hand Weapons
 a - a +0 war axe (weapon) {axe}
 n - a +0 vorpal falchion {long}
   (You took it off a goblin on level 3 of the Dungeon)
Missiles
 k - 9 stones (quivered) {throwing}
 m - 3 curare-tipped darts {=fthrowing}
Armour
 b - a +0 scale mail (worn)
 c - a +0 buckler (worn)
 j - a +0 pair of gloves (worn)
   (You found it on level 2 of the Dungeon)
Wands
 i - a wand of acid (7)
   (You found it on level 2 of the Dungeon)
Scrolls
 g - 2 scrolls of blinking {unknown}
 h - 3 scrolls of teleportation {unknown}
 l - a scroll of silence {unknown}
 o - a scroll of torment {unknown}
Potions
 d - 2 potions of might
 e - 2 potions of degeneration {unknown}
 f - a potion of curing {unknown}
 p - a potion of attraction {unknown}

Dungeon Overview and Level Annotations

Branches:
Dungeon (3/15) Zot: 21728

Altars:
Hepliaklqana

Shops:
D:3 [

Annotations:
D:3 3 runed translucent doors

...........#####......#..
#........###..##....... .
#.#...##............... #
#...##...............
#....#................
.....##.....##...#......
..##.###......:..# #. ..
#.........## #
........#.###@#
.......... #oo..#
.............o.......
.....................
?...###............. ..#
..............
#............
####.........


You could see 2 orc priests and an orc.


Message History

A goblin comes into view. It is wielding a +0 vorpal falchion.
The goblin shouts!
You hit the goblin.
You kill the goblin!
No target in view!
No target in view!
No target in view!
No target in view!
No target in view!
Found a stone staircase leading up.
A bat comes into view.
A bat is nearby!
The bat hits you but does no damage.
Found Ruyz Wyn's Antique Armour Boutique.
The bat hits you but does no damage. You block the bat's attack.
You closely miss the bat. The bat hits you but does no damage.
The bat hits you. 😕 HP[-1]
You take 1 damage, and now have 32/33 hp.
You miss the bat. The bat barely misses you. The bat completely misses you.
You hit the bat.
You kill the bat!
n - a +0 vorpal falchion {long} You see here a goblin corpse. 😎 HP[+1]
Your hp is fully restored (33).
There is an entrance to Ruyz Wyn's Antique Armour Boutique here.
An endoplasm comes into view.
An endoplasm is nearby!
The endoplasm hits you but does no damage.
You hit the endoplasm.
You headbutt the endoplasm, but do no damage.
The endoplasm freezes you.
You are frozen. 😕 HP[-4]
You take 4 damage, and now have 29/33 hp.
You hit the endoplasm but do no damage. Your headbutt misses the endoplasm.
The endoplasm barely misses you. You furiously retaliate!
You headbutt the endoplasm.
You kill the endoplasm!
No target in view!
No target in view!
No target in view!
No target in view!
No target in view!
k - 9 stones {throwing} (gained 6)
You now have 138 gold pieces (gained 15).
Key pressed, stopping explore.
There is an entrance to Ruyz Wyn's Antique Armour Boutique here.
A bat comes into view. 😎 HP[+4]
Your hp is fully restored (33).
The bat barely misses you. The bat hits you but does no damage.
You closely miss the bat. The bat hits you but does no damage.
You block the bat's attack. The bat hits you but does no damage.
You see here a +0 robe.
The bat hits you but does no damage. x2
You hit the bat.
You kill the bat!
Found a stone staircase leading down.
You open the door.
A sourceless malevolence fills the Dungeon...
You fall into a shaft and drop 1 floor!
The shaft crumbles and collapses.
o - a scroll labelled HUMOYT HAV
p - a metallic ruby potion No target in view!
No target in view! 2 orc priests come into view.
The orc priest shouts!
You hear a shout!
The orc priest moves out of view.
An orc priest is nearby!
An orc comes into view. It is wielding a +0 falchion.
The orc priest looks satisfied for a moment.
The orc priest mumbles some strange prayers to Beogh against you.
Beogh smites you!
You hear a shout! 😮 HP[-12]
You take 12 damage, and now have 21/33 hp.
MASSIVE DAMAGE!! (PAUSE)
The orc priest invokes the aid of Beogh against you.
Beogh smites you!
* * * LOW HITPOINT WARNING * * *
😱 HP[-14]
You take 14 damage, and now have 7/33 hp.
MASSIVE DAMAGE!! (PAUSE)
You barely miss the orc priest. Your headbutt misses the orc priest.
The orc priest looks satisfied for a moment.
You closely miss the orc priest.
The orc priest hits you with a +0 flail.
* * * LOW HITPOINT WARNING * * *
😱 HP[-1]
You take 1 damage, and now have 6/33 hp.
You hit the orc priest but do no damage.
You closely miss the orc priest.
The orc priest hits you with a +0 flail!
You die...

Skill      XL: |  1  2  3 |
---------------+----------+-----
Axes           | 3 |  3.4
Armour         | 4 |  4.1
Shields        | 4 |  4.0
Fighting       | 4 |  4.0

Action                   || total
-------------------------++-------
Melee: War axe           ||    66
       Headbutt          ||     3
Armor: Scale mail        ||    41
Dodge: Dodged            ||    27
Block: Buckler           ||    13

Levels and vault maps discovered:
D:1:      nzn_arrival_water_spiral, layout_basic,
          hellmonk_ecumenical_altar_zigzags
D:2:      layout_basic, serial_forest, infiniplex_forest_lined_room_3,
          infiniplex_forest_lined_room_, infiniplex_forest_straight_1,
          infiniplex_forest_straight_1, infiniplex_forest_clump_tiny,
          infiniplex_forest_zigzag_1
D:3:      layout_basic, nicolae_hepliaklqana_monster_ancestors,
          gammafunk_ghost_necromancy, serial_shops, shop, minmay_misc_feat_chi,
          uniq_natasha
D:4:      layout_cave_pools, kennysheep_potato, uniq_blork_the_orc, uniq_pikel

Notes
Turn   | Place    | Note
-------+----------+-------------------------------------------
     0 | D:1      | Sanktem7 the Minotaur Fighter began the quest for the Orb.
     0 | D:1      | Reached XP level 1. HP: 19/19 MP: 0/0
     0 | D:1      | magus.rc [v1.9.6]
   170 | D:1      | Found a faded altar of an unknown god.
   315 | D:1      | Reached XP level 2. HP: 27/27 MP: 1/1
   415 | D:1      | You pick up a book of Blood and begin reading...
   415 | D:1      | You add the spells Sublimation of Blood, Wereblood and
                  | Summon Hydra to your library.
   500 | D:1      | Reached skill level 3 in Axes
   642 | D:1      | You add the spells Borgnjor's Revivification, Necromutation
                  | and Death's Door to your library.
  1311 | D:2      | Reached skill level 4 in Armour
  1311 | D:2      | Reached skill level 4 in Shields
  1311 | D:2      | Reached XP level 3. HP: 23/33 MP: 2/2
  1744 | D:3      | Reached skill level 4 in Fighting
  1813 | D:3      | Found a hazy altar of Hepliaklqana.
  2036 | D:3      | Found Ruyz Wyn's Antique Armour Boutique.
  2065 | D:3      | Found a runed translucent gate.
  2100 | D:3      | Found a runed translucent gate.
  2184 | D:3      | Found a runed translucent gate.
  2209 | D:3      | You fall into a shaft and drop 1 floor!
  2238 | D:4      | HP: 7/33 [orc priest/divine providence (14)]
  2241 | D:4      | Slain by an orc priest

Vanquished Creatures
  An adder (D:2)
  2 dart slugs (D:1)
  An orc (D:3)
  3 endoplasms
  3 quokkas
  3 ball pythons
  4 bats
  A frilled lizard (D:1)
  2 goblins
  2 kobolds
  3 rats
  A spectral orc (D:3)
26 creatures vanquished.

Table legend:
 A = Non-vault XP
 B = Vault XP
 C = Vault XP percentage of total XP
 D = Non-vault monster count
 E = Vault monster count
 F = Vault count percentage of total count
                 A         B        C        D         E       F
            +---------+---------+-------+---------+---------+-------
      Total |      53 |       4 |   7.0 |      24 |       2 |   7.7
            +---------+---------+-------+---------+---------+-------
        D:1 |      20 |       0 |   0.0 |      10 |       0 |   0.0
        D:2 |      23 |       0 |   0.0 |       7 |       0 |   0.0
        D:3 |      10 |       4 |  28.6 |       7 |       2 |  22.2
            +---------+---------+-------+---------+---------+-------

Illustrated notes

Table legend:
 A = Kills in this place as a percentage of kills in entire the game.
 B = Kills by you in this place as a percentage of kills by you in the entire game.
 C = Kills by friends in this place as a percentage of kills by friends in the entire game.
 D = Other kills in this place as a percentage of other kills in the entire game.
 E = Experience gained in this place as a percentage of experience gained in the entire game.
 F = Experience gained in this place divided by the number of levels of this place that you have seen.
                   A       B       C       D       E      F
               +-------+-------+-------+-------+-------+----------------------
         Total | 100.0 | 100.0 |   N/A |   N/A | 100.0 |  14.2
       Dungeon | 100.0 | 100.0 |   N/A |   N/A | 100.0 |  14.2
               +-------+-------+-------+-------+-------+----------------------

Table legend: (Time is in decaauts)
 A = Elapsed time spent in this place.
 B = Non-inter-level travel time spent in this place.
 C = Inter-level travel time spent in this place.
 D = Time resting spent in this place.
 E = Time spent auto-exploring this place.
 F = Levels seen in this place.
 G = Mean time per level.
                   A        B        C        D        E       F      G
               +--------+--------+--------+--------+--------+-----+--------+
         Total |   2270 |   2215 |     55 |      0 |   2009 |   4 |  567.5 |
       Dungeon |   2270 |   2215 |     55 |      0 |   2009 |   4 |  567.5 |
               +--------+--------+--------+--------+--------+-----+--------+

Top non-repeatable levels by time:
     D:2: 984 daAuts
     D:1: 781 daAuts
     D:3: 472 daAuts
     D:4: 32 daAuts
